 Dungeon Crawl Stone Soup version bcrawl-1.37.2 (webtiles) character file.

Game seed: 13301454486959942336

192028 Coyote68 the Insei (level 7, -1/52 HPs)
             Began as a Human Martial Artist on Nov 24, 2022.
             Was a Believer of Wu Jian.
             Slain by a troll (15 damage)
             ... on level 4 of the Dungeon.
             The game lasted 00:09:20 (3068 turns).

Coyote68 the Insei (Human Martial Artist)           Turns: 3068, Time: 00:09:21

Health: -1/52      AC:  2    Str: 15    XL:     7   Next: 4%
Magic:  7/7        EV: 21    Int: 11    God:    Wu Jian [**....]
Gold:   345        SH:  0    Dex: 23    Spells: 7/8 levels left

rFire    . . .     GDR:     33%   - Fists (12.3)
rCold    . . .     SeeInvis .   (no shield)
rNeg     . . .     Gourm    .   a - +0 robe
rPois    .         Faith    .   (no helmet)
rElec    .         Spirit   .   (no cloak)
rCorr    .         Reflect  .   (no gloves)
MR       .....                  (no boots)
Stlth    ++++......             (no amulet)
HPRegen  0.18/turn              j - +3 ring of strength
MPRegen  0.10/turn              (no ring)

@: agile
A: clever 1, low mp 1, evolution 1, no potion heal 1, sturdy frame 1
a: Wall Jump, Serpent's Lash, Renounce Religion


You were on level 4 of the Dungeon.
You worshipped Wu Jian.
Wu Jian was pleased with you.
You were hungry.

You visited 1 branch of the dungeon, and saw 4 of its levels.

You collected 345 gold pieces.

Inventory:

Armour
 a - a +0 robe (worn)
Jewellery
 j - a +3 ring of strength (left hand)
Wands
 p - a wand of flame (5)
 q - a wand of polymorph (14)
Scrolls
 d - a scroll of amnesia {unknown}
 k - a scroll of remove curse {unknown}
 m - 2 scrolls of teleportation
 n - a scroll of enchant armour {unknown}
 o - a scroll of acquirement {unknown}
Potions
 c - a potion of magic {unknown}
 f - 3 potions of lignification
 g - a potion of resistance {unknown}
 h - a potion of heal wounds
 l - a potion of cancellation {unknown}
 r - a potion of invisibility {unknown}
Comestibles
 e - 7 rations {!d}
 i - 3 chunks of flesh


   Skills:
 + Level 3.5 Fighting
 + Level 4.2 Dodging
 + Level 3.4 Stealth
 + Level 7.2 Unarmed Combat
 + Level 1.0 Spellcasting
 + Level 1.1 Hexes


You had 7 spell levels left.
You knew the following spells:

 Your Spells              Type           Power        Failure   Level  Hunger
a - Confusing Touch       Hex            #.......     21%         1    None
Your spell library was empty.

Dungeon Overview and Level Annotations

Branches:
Dungeon (4/12)
 Temple: D:4-7

Altars:
Xom

Annotations:
D:3 1 runed door


Innate Abilities, Weirdness & Mutations

Your mind is acute. (Int +2)
Your magical capacity is low. (-10% MP)
You evolve.
Potions are less effective at restoring your health.
Your movements are slightly less encumbered by armour. (ER -2)


Message History

You barely miss the troll. The troll bites you! The troll barely misses you.
The troll misses you.
You barely miss the troll. The troll closely misses you. The troll misses you.
The troll claws you.
You are feeling hungry.
You hit the troll.
The troll is lightly wounded.
You punch the troll!
The troll is moderately wounded.
The troll completely misses you. The troll claws you!
The troll closely misses you.
You hit the troll.
The troll is heavily wounded.
The troll bites you but does no damage. The troll barely misses you.
The troll claws you!
* * * LOW HITPOINT WARNING * * *
You hit the troll.
The troll is heavily wounded.
The troll bites you!
You die...

#.#.#######.. #..
..#.# ##. #$# #.#
#. #.# #.# #. #.#
#.# ## #. #.# #.# #
#.# #.# #.### # ...
#T# #.#.## # ###..
#@# #.#.. .
.....##.#### #.#.#
## #.......###.#.#
#.............#
####.##.###.###
###.##...#.#
########..........#
................###
#################


You could see a troll.

Vanquished Creatures
  Edmund (D:4)
  A quasit (D:4)
  A hound (D:2)
  Ijyb (D:3)
  An iguana (D:4)
  A worker ant (D:3)
  A hound skeleton (D:4)
  4 adders
  2 oozes
  2 adder skeletons
  2 worms
  2 dart slugs
  6 orcs
  5 bats
  4 giant cockroaches (D:1)
  4 goblins
  7 jackals
  A kobold (D:3)
  A quokka (D:3)
  2 ball pythons
  5 frilled lizards
  A jackal skeleton (D:4)
  5 rats (D:1)
60 creatures vanquished.

Notes
Turn   | Place    | Note
-------+----------+-------------------------------------------
     0 | D:1      | Coyote68 the Human Martial Artist began the quest for the
                  | Orb.
     0 | D:1      | Reached XP level 1. HP: 18/18 MP: 2/2
    70 | D:1      | Reached XP level 2. HP: 21/24 MP: 3/3
   329 | D:1      | Reached XP level 3. HP: 26/29 MP: 4/4
   598 | D:1      | Reached skill level 5 in Unarmed Combat
   652 | D:1      | Reached ** piety under Wu Jian
  1187 | D:2      | Found a faded altar of an unknown god.
  1251 | D:2      | Found a shimmering altar of Xom.
  1306 | D:2      | Reached XP level 4. HP: 26/35 MP: 5/5
  1731 | D:3      | Reached XP level 5. HP: 35/41 MP: 6/6
  1780 | D:3      | Noticed Ijyb
  1789 | D:3      | Killed Ijyb
  1790 | D:3      | Reached skill level 6 in Unarmed Combat
  1835 | D:3      | Gained mutation: You evolve. [potion of mutation]
  1835 | D:3      | Gained mutation: Potions are less effective at restoring
                  | your health. [potion of mutation]
  1835 | D:3      | Gained mutation: You are agile. (Dex +2) [potion of
                  | mutation]
  1883 | D:3      | Lost mutation: You are agile. (Dex +2) [potion of mutation]
  1883 | D:3      | Gained mutation: Your movements are slightly less
                  | encumbered by armour. (ER -2) [potion of mutation]
  1883 | D:3      | Gained mutation: Your magical capacity is low. (-10% MP)
                  | [potion of mutation]
  1883 | D:3      | Gained mutation: Your mind is acute. (Int +2) [potion of
                  | mutation]
  2288 | D:3      | Found a runed door.
  2594 | D:4      | Noticed Edmund
  2618 | D:4      | Killed Edmund
  2619 | D:4      | Reached XP level 6. HP: 3/47 MP: 6/6
  2862 | D:4      | Reached skill level 7 in Unarmed Combat
  2969 | D:4      | Reached XP level 7. HP: 49/52 MP: 7/7
  3056 | D:4      | Noticed a troll
  3068 | D:4      | Slain by a troll

Skill      XL: |  1  2  3  4  5  6 |
---------------+-------------------+-----
Unarmed Combat | 5 6 7 |  7.2
Stealth        | 2 3 |  3.4
Dodging        | 4 |  4.2
Fighting       | |  3.5
Spellcasting   | |  1.0
Hexes          | |  1.1

Action                   |  1- 3 |  4- 6 |  7- 9 || total
-------------------------+-------+-------+-------++-------
Melee: Unarmed           |    68 |   135 |     7 ||   210
       Punch             |     2 |     5 |       ||     7
Invok: Whirlwind         |    22 |    34 |       ||    56
       Lunge             |    16 |     7 |       ||    23
  Use: Scroll            |     2 |     3 |       ||     5
       Potion            |       |     2 |     1 ||     3
 Stab: Sleeping          |     6 |     2 |       ||     8
  Eat: Chunk             |     2 |     5 |       ||     7
       Ration            |       |     1 |       ||     1
Armor: Robe              |     6 |     8 |     1 ||    15
Dodge: Dodged            |    30 |    73 |     9 ||   112
